 Dungeon Crawl Stone Soup version 0.17.1-3-g152610e (webtiles) character file.

68299 Goblin1989 the Grappler (level 14, -2/97 HPs)
             Began as a Demonspawn Monk on Mar 8, 2016.
             Was an Elder of Okawaru.
             Slain by a sun demon (6 damage)
             ... led by a balrug
             ... on level 2 of the Abyss on Mar 10, 2016.
             The game lasted 02:12:49 (35453 turns).

Goblin1989 the Grappler (Demonspawn Monk)          Turns: 35453, Time: 02:12:49

Health: -2/97      AC: 21    Str: 17      XL:     14   Next: 86%
Magic:  16/18      EV: 20    Int:  5 (9)  God:    Okawaru [****..]
Gold:   1209       SH:  0    Dex: 21      Spells: 2 memorised, 9 levels left

rFire  + + .     SeeInvis +       - Unarmed
rCold  . . .     Clarity  .     q - +2 plate armour {rF+}
rNeg   . . .     SustAt   .     (no shield)
rPois  .         Gourm    .     (helmet unavailable)
rElec  .         Spirit   .     t - +0 cloak
rCorr  +         Warding  .     (no gloves)
rMut   .         Stasis   .     (boots unavailable)
MR     +....                    C - amulet of resist corrosion
Stlth  ..........               B - +1 ring of protection
                                c - ring of protection from fire

@: agile, heroism, non-regenerating, mildly diseased, somewhat resistant to
hostile enchantments, extremely unstealthy
A: antennae 3, claws 2, talons 3, demonic guardian 1, dopey 1, frail 1, powered
by pain 1, screaming 1, MP-powered wands
a: Heroism, Renounce Religion


You were on level 2 of the Abyss.
You worshipped Okawaru.
Okawaru was greatly pleased with you.
You were hungry.

You visited 4 branches of the dungeon, and saw 22 of its levels.
You visited the Abyss 1 time.
You also visited: Ice Cave.

You collected 1461 gold pieces.
You spent 252 gold pieces at shops.

Inventory:

Hand Weapons
 b - a +3 hand crossbow of flaming
 Z - a +3 arbalest of freezing
Missiles
 y - 87 bolts (quivered)
 K - 8 bolts of flame
 P - 17 steel bolts
 T - 77 bolts of frost
Armour
 q - a +2 plate armour of fire resistance (worn)
 t - a +0 cloak (worn)
 A - the +1 ring mail of Itwodd {+Fly rPois rF- Str+2}
   (You found it on level 2 of the Lair of Beasts)

   It affects your strength (+2).
   It makes you vulnerable to fire.
   It protects you from poison.
   It lets you fly.
 E - a +0 animal skin of cold resistance
 R - a cursed +0 chain mail
Jewellery
 c - a ring of protection from fire (left claw)
 h - an uncursed amulet of warding
 r - an uncursed ring of teleportation
 B - a +1 ring of protection (right claw)
 C - an amulet of resist corrosion (around neck)
 D - an uncursed ring of positive energy
 I - an uncursed amulet of faith {unknown}
 O - an uncursed ring of positive energy
 Q - an uncursed ring of protection from cold {unknown}
Wands
 s - a wand of cold (4)
 z - a wand of cold (7)
Scrolls
 f - a scroll of magic mapping
 j - 3 scrolls of teleportation
 k - 8 scrolls of remove curse
 l - 5 scrolls of enchant armour
 m - 5 scrolls of enchant weapon
 v - 6 scrolls of fear
 w - 4 scrolls of amnesia
 x - 3 scrolls of noise
 H - a scroll of silence
 N - a scroll of blinking
 S - a scroll of fog
 W - a scroll of vulnerability
Potions
 d - 2 potions of cure mutation
 e - 3 potions of brilliance
 g - a potion of invisibility
 i - 5 potions of curing
 n - a potion of cancellation
 F - 5 potions of lignification
 G - 2 potions of flight
 J - 2 potions of magic
 U - a potion of berserk rage
 X - a potion of agility
Comestibles
 o - a meat ration
 p - 8 bread rations
 u - 4 slices of pizza
 L - a beef jerky
 M - 22 fruits


   Skills:
 - Level 9.0(14.0) Fighting
 - Level 10.1(15.1) Crossbows
 - Level 10.2(15.2) Armour
 - Level 10.4(15.4) Dodging
 - Level 1.7(6.7) Stealth
 + Level 14.9(19.9) Unarmed Combat
 - Level 6.6 Invocations


You had 9 spell levels left.
You knew the following spells:

 Your Spells              Type           Power        Failure   Level  Hunger
a - Blink                 Tloc           N/A          100%        2    ###....
b - Repel Missiles        Chrm/Air       #.....       100%        2    ###....


Dungeon Overview and Level Annotations

Branches:
Dungeon (11/15)            Temple (1/1) D:7            Lair (8/8) D:10
  Swamp (0/4) Lair:6       Spider (0/4) Lair:6        Slime (0/6) Lair:8
    Orc (2/4) D:10

Altars:
Cheibriados
Dithmenos
Fedhas
Gozag
Makhleb
Okawaru
Qazlal
Sif Muna
Trog
Xom
Yredelemnul
Beogh

Shops:
D:6 !   D:7 *!:

Annotations:
D:6 Pikel
Lair:4 Rupert, Sonja
Lair:6 exclusion: downstairs


Innate Abilities, Weirdness & Mutations

You have a pair of large antennae on your head (SInv).
You have very sharp fingernails.
You have claws for feet.
A weak demonic guardian rushes to your aid.
You sometimes gain a little power by taking damage.
[You are dopey. (Int -2)]
[You are frail (-10% HP).]
[You occasionally shout uncontrollably at your foes.]
[You expend magic power (3 MP) to strengthen your wands.]


Message History

You mangle the sun demon!!
You claw the sun demon, but do no damage.
The sun demon is moderately wounded.
The sun demon misses you.
You closely miss the sun demon.
You claw the sun demon, but do no damage.
The sun demon is moderately wounded.
Your claws slow down.
You mangle the sun demon!!
You claw the sun demon, but do no damage.
The sun demon is severely wounded.
Your quasit closely misses the sun demon.
Your quasit claws the sun demon.
Your quasit completely misses the sun demon.
The sun demon hits you!
* * * LOW HITPOINT WARNING * * *
You focus on the pain.
You feel agile all of a sudden.
You are engulfed in flames.
You resist.
You die...

.. .. +.
.#... .#...
...# .....
#..## .#...
#...#
..##.###..#
.........5#
........3##
.........@.#
#.........##
###.#.##..#
.......#..#
.#..#..'..#
. ........#
.#........#
..+..#


You could see a sun demon and a friendly quasit.

Vanquished Creatures
  A frost giant (IceCv)
  Maud (Orc:2)
  10 hydras
  A catoblepas (Lair:6)
  A death yak (IceCv)
  Urug (Lair:4)
  A wretched star (Abyss:2)
  An unseen horror (D:11)
  The ghost of kaze the Ducker, a novice TrBe of Trog (D:7)
  A large abomination (Abyss:2)
  A hill giant (D:11)
  4 lindwurms (Lair:5)
  A griffon (Lair:7)
  4 ugly things
  2 molten gargoyles (Lair:7)
  Joseph (D:10)
  5 elephants (Lair:6)
  An ice statue (IceCv)
  6 black mambas
  14 spiny frogs
  10 komodo dragons
  A black draconian zombie (Abyss:2)
  An ancient zyme (Abyss:2)
  16 polar bears
  A two-headed ogre (D:11)
  Grinder (D:4)
  2 trolls
  16 blink frogs
  3 giant leeches (Lair:6)
  5 flying skulls (Abyss:2)
  4 wyverns
  Sigmund (D:6)
  59 yaks
  4 trapdoor spiders (Lair:6)
  A steam dragon (Lair:6)
  4 basilisks
  5 hippogriffs
  32 wolves
  A mottled dragon (D:11)
  A warg (Orc:1)
  A swamp worm (Lair:6)
  2 hungry ghosts
  21 water moccasins
  2 hell hounds (Abyss:2)
  2 small abominations (Abyss:2)
  Duvessa (D:7)
  11 ice beasts
  5 sky beasts
  16 porcupines
  A necrophage (D:11)
  8 orc warriors
  A phantom (D:7)
  3 black bears
  6 crocodiles
  4 ogres
  A wasp (D:11)
  5 centaurs
  A wyvern zombie (D:11)
  2 big kobolds
  20 giant frogs
  Dowan (D:7)
  4 scorpions
  2 jellies
  A centaur zombie (D:8)
  10 wights
  23 killer bees
  2 giant frog zombies
  A gnoll shaman (D:11)
  9 orc priests
  A crimson imp (D:11)
  5 lava snakes (Lair:7)
  A giant frog skeleton (D:7)
  2 hell rats (D:5)
  8 hounds
  13 orc wizards
  6 worker ants
  9 iguanas
  14 sheep
  13 adders
  87 river rats
  3 gnolls (D:9)
  4 shadow imps
  An ooze (D:1)
  3 worms
  An adder skeleton (D:4)
  8 giant geckos
  81 orcs
  7 bats
  7 hobgoblins
  8 jackals
  5 ball pythons
  A ball python skeleton (D:4)
  6 giant cockroaches
  A giant gecko skeleton (D:5)
  A giant gecko zombie (D:7)
  6 giant newts
  7 goblins
  14 kobolds
  5 quokkas
  34 rats
  A lurking horror (Abyss:2)
755 creatures vanquished.

Vanquished Creatures (collateral kills)
  A hill giant (D:11)
  A spiny frog (Lair:8)
  3 blink frogs
  2 yaks
  A wyvern (D:8)
  A hippogriff (D:8)
  A wolf (Lair:4)
  2 water moccasins
  2 ogres (D:4)
  5 orc priests
  An orc wizard (D:5)
  A giant frog zombie (D:5)
  A sheep (Lair:7)
  An adder (D:10)
  A giant gecko (D:7)
  6 orcs
  4 kobolds (D:11)
34 creatures vanquished.

Vanquished Creatures (others)
  A sheep (Lair:8)
  A bush (Lair:6)
  4 fungi
  15 plants
  2 starspawn tentacles (Abyss:1)
  18 starspawn tentacle segments (Abyss:1)
41 creatures vanquished.

Grand Total: 830 creatures vanquished

Notes
Turn   | Place    | Note
--------------------------------------------------------------
     0 | D:1      | Goblin1989 the Demonspawn Monk began the quest for the Orb.
     0 | D:1      | Reached XP level 1. HP: 18/18 MP: 1/1
   298 | D:1      | Reached skill level 4 in Unarmed Combat
   298 | D:1      | Gained mutation: You have sharp toenails. [demonic ancestry]
   298 | D:1      | Reached XP level 2. HP: 22/24 MP: 2/2
  1054 | D:2      | Gained mutation: You sometimes gain a little power by taking damage. [demonic ancestry]
  1054 | D:2      | Reached XP level 3. HP: 27/29 MP: 3/3
  2382 | D:3      | Reached skill level 5 in Unarmed Combat
  2446 | D:3      | Found a shimmering altar of Xom.
  2584 | D:3      | Gained mutation: A weak demonic guardian rushes to your aid. [demonic ancestry]
  2584 | D:3      | Reached XP level 4. HP: 25/35 MP: 4/4
  3375 | D:4      | Reached XP level 5. HP: 39/41 MP: 5/5
  3994 | D:3      | Reached skill level 6 in Unarmed Combat
  4208 | D:4      | Noticed a centaur
  4225 | D:4      | Killed a centaur
  4225 | D:4      | Gained mutation: You have razor-sharp toenails. [demonic ancestry]
  4225 | D:4      | Reached XP level 6. HP: 18/47 MP: 6/6
  4271 | D:4      | Reached skill level 7 in Unarmed Combat
  4946 | D:4      | Noticed Grinder
  4958 | D:4      | Killed Grinder
  4958 | D:4      | Reached skill level 8 in Unarmed Combat
  4958 | D:4      | Reached XP level 7. HP: 45/52 MP: 7/7
  5592 | D:5      | Entered Level 5 of the Dungeon
  5817 | D:5      | Reached skill level 9 in Unarmed Combat
  6174 | D:5      | Gained mutation: You have sharp fingernails. [demonic ancestry]
  6174 | D:5      | Reached XP level 8. HP: 50/58 MP: 8/8
  7032 | D:5      | Reached skill level 10 in Unarmed Combat
  7353 | D:6      | Noticed Sigmund
  7380 | D:6      | Killed Sigmund
  7802 | D:6      | Found Sixar's Distillery.
  7809 | D:6      | Bought a potion of berserk rage for 60 gold pieces
  7809 | D:6      | Bought a potion of resistance for 120 gold pieces
  7809 | D:6      | Bought a potion of lignification for 36 gold pieces
  7809 | D:6      | Bought a potion of flight for 36 gold pieces
  7929 | D:6      | Noticed Pikel
  7936 | D:5      | Reached skill level 5 in Fighting
  8317 | D:7      | Gained mutation: You have a pair of small antennae on your head. [demonic ancestry]
  8317 | D:7      | Reached XP level 9. HP: 56/68 MP: 9/9
  8392 | D:7      | Found Ytaciotont's Assorted Antiques.
  8455 | D:7      | Noticed kaze's ghost (novice TrBe)
  8524 | D:7      | Found a staircase to the Ecumenical Temple.
  8533 | Temple   | Entered the Ecumenical Temple
  8550 | Temple   | Became a worshipper of Warmaster Okawaru
  8550 | Temple   | Reached * piety under Okawaru
  8550 | Temple   | Reached ** piety under Okawaru
  8622 | D:7      | Noticed Duvessa
  8622 | D:7      | Noticed Dowan
  8637 | D:7      | Killed Duvessa
  8641 | D:7      | Killed Dowan
  8766 | D:7      | Found Lagonel's Book Boutique.
  9040 | D:7      | Found Ceqaig's Distillery.
  9160 | D:7      | Killed kaze's ghost
  9160 | D:7      | Reached *** piety under Okawaru
  9160 | D:7      | Reached skill level 11 in Unarmed Combat
  9497 | D:8      | Received a gift from Okawaru
  9654 | D:8      | Reached XP level 10. HP: 78/82 MP: 10/10
  9862 | D:8      | Reached skill level 1 in Armour
 10422 | D:8      | Reached **** piety under Okawaru
 10707 | D:8      | Noticed a green ugly thing
 10734 | D:8      | Killed a green ugly thing
 11573 | D:8      | Received a gift from Okawaru
 11724 | D:9      | Found a stormy altar of Qazlal.
 12036 | D:9      | Reached skill level 5 in Armour
 12063 | D:9      | Reached ***** piety under Okawaru
 12291 | D:9      | Reached skill level 12 in Unarmed Combat
 12324 | D:9      | Received a gift from Okawaru
 12747 | D:10     | Entered Level 10 of the Dungeon
 13257 | D:10     | Reached skill level 1 in Invocations
 13257 | D:10     | Gained mutation: You have a pair of antennae on your head. [demonic ancestry]
 13257 | D:10     | Reached XP level 11. HP: 60/89 MP: 11/11
 13754 | D:10     | Noticed Joseph
 13795 | D:10     | Killed Joseph
 13926 | D:10     | Found a staircase to the Orcish Mines.
 14397 | D:10     | Found a staircase to the Lair.
 14913 | D:11     | Found a basalt altar of Yredelemnul.
 15075 | D:11     | Noticed a hill giant
 15082 | D:11     | Killed a hill giant
 15303 | D:11     | Noticed a hill giant
 15308 | D:11     | Killed a hill giant
 16010 | D:11     | Noticed an unseen horror
 16026 | D:11     | Killed an unseen horror
 16158 | D:11     | Reached skill level 5 in Invocations
 17313 | Lair:1   | Entered Level 1 of the Lair of Beasts
 17942 | Lair:1   | Gained mutation: You have a pair of large antennae on your head (SInv). [demonic ancestry]
 17942 | Lair:1   | Reached XP level 12. HP: 94/94 MP: 16/16
 19162 | Lair:2   | Reached skill level 13 in Unarmed Combat
 20647 | Lair:2   | Got a slimy ring mail
 20658 | Lair:2   | Identified the cursed +1 ring mail of Itwodd {+Fly rPois rF- Str+2} (You found it on level 2 of the Lair of Beasts)
 20681 | Lair:2   | Reached skill level 10 in Armour
 21867 | Lair:3   | Reached skill level 5 in Dodging
 22715 | Lair:3   | Received a gift from Okawaru
 23047 | Lair:3   | Noticed a four-headed hydra
 23073 | Lair:3   | Killed a four-headed hydra
 23441 | Lair:4   | Noticed Urug
 23469 | Lair:4   | Killed Urug
 23780 | Lair:4   | Gained mutation: You have claws for feet. [demonic ancestry]
 23780 | Lair:4   | Reached XP level 13. HP: 63/100 MP: 17/17
 23932 | Lair:4   | Noticed a six-headed hydra
 23939 | Lair:4   | Killed a six-headed hydra
 24480 | Lair:4   | Noticed Sonja
 24495 | Lair:4   | Noticed Rupert
 26223 | Lair:5   | Reached skill level 10 in Dodging
 26239 | Lair:5   | Received a gift from Okawaru
 26253 | Lair:5   | Identified Jozxu's Volume of Battle Magic
 26304 | Lair:6   | Reached skill level 1 in Crossbows
 27009 | Lair:6   | Found a hole to the Spider Nest.
 27108 | Lair:6   | Reached skill level 5 in Crossbows
 27175 | Lair:6   | Found a staircase to the Swamp.
 27217 | Lair:6   | Received a gift from Okawaru
 28608 | Lair:7   | Found a frozen archway.
 28627 | Lair:7   | Received a gift from Okawaru
 28657 | IceCv    | Entered an ice cave
 28870 | IceCv    | Gained mutation: You have very sharp fingernails. [demonic ancestry]
 28870 | IceCv    | Reached XP level 14. HP: 75/107 MP: 18/18
 30064 | IceCv    | Received a gift from Okawaru
 31224 | IceCv    | Noticed a frost giant
 31236 | IceCv    | Killed a frost giant
 31248 | IceCv    | Reached skill level 10 in Crossbows
 31679 | Lair:7   | Learned a level 2 spell: Blink
 31684 | Lair:7   | Learned a level 2 spell: Repel Missiles
 32245 | Lair:7   | Received a gift from Okawaru
 32859 | Lair:8   | Entered Level 8 of the Lair of Beasts
 32865 | Lair:8   | Reached skill level 14 in Unarmed Combat
 32948 | Lair:8   | HP: 2/107 [komodo dragon (21)]
 33410 | Lair:8   | Found a staircase to the Slime Pits.
 33492 | Lair:7   | Received a gift from Okawaru
 34392 | Orc:1    | Entered Level 1 of the Orcish Mines
 34560 | Orc:1    | Found a roughly hewn altar of Beogh.
 34623 | Orc:2    | Noticed Maud
 34659 | Orc:2    | Killed Maud
 35033 | Orc:2    | Cast into the Abyss (orc)
 35105 | Abyss:1  | Noticed a tentacled starspawn
 35402 | Abyss:2  | Found a corrupted altar of Lugonu.
 35445 | Abyss:2  | Noticed a balrug
 35453 | Abyss:2  | HP: 4/97 [sun demon[a balrug] (12)]
 35453 | Abyss:2  | Slain by a sun demon

Action                   |  1- 3 |  4- 6 |  7- 9 | 10-12 | 13-15 || total
-------------------------+-------+-------+-------+-------+-------++-------
Melee: Unarmed           |   181 |   186 |   389 |  1148 |  1097 ||  3001
 Fire: Hand crossbow     |       |       |       |       |    20 ||    20
Invok: Heroism           |       |       |     5 |    20 |    24 ||    49
       Finesse           |       |       |       |       |     5 ||     5
Evoke: Wand              |       |       |     2 |     4 |     3 ||     9
  Use: Potion            |       |     7 |     1 |       |     8 ||    16
       Scroll            |       |       |       |    15 |    10 ||    25
 Stab: Sleeping          |     4 |       |       |     1 |       ||     5
       Distracted        |       |       |     1 |     3 |    16 ||    20
  Eat: Chunk             |     4 |     3 |    18 |    28 |    36 ||    89
       Pizza             |     1 |       |       |     1 |     1 ||     3
       Bread ration      |       |     1 |       |       |       ||     1
       Fruit             |       |       |       |     3 |       ||     3
       Meat ration       |       |       |       |     3 |       ||     3
       Royal jelly       |       |       |       |       |     1 ||     1
